 Dungeon Crawl Stone Soup version 0.25-a0-591-g2ad0d861f1 (webtiles) character file.

Game seed: 11223260947983764090, levelgen mode: deterministic

106081 MrRokkomies the Fighter (level 16, 0/129 HPs)
             Began as a Barachi Ice Elementalist on Mar 13, 2020.
             Was the Champion of Ru.
             Slain by a yellow draconian
             ... wielding a +0 battleaxe
              (15 damage)
             ... on level 3 of the Abyss on Mar 14, 2020.
             The game lasted 01:47:24 (24546 turns).

MrRokkomies the Fighter (Barachi Ice Elementalist) Turns: 24546, Time: 01:47:25

Health: 0/129      AC: 21    Str: 16    XL:     16   Next: 43%
Magic:  13/23      EV: 19    Int: 24    God:    Ru [******]
Gold:   2719       SH:  0    Dex: 14    Spells: 5/25 levels left

rFire    . . .     SeeInvis .   a - +7 demon blade (flame)
rCold    . . .     Gourm    .   (shield unavailable)
rNeg     + . .     Faith    .   k - +5 steam dragon scales
rPois    +         Spirit   .   P - +2 hat of Starshine {rElec rN+ Regen+ Str+4}
rElec    +         Reflect  .   N - +1 cloak {rPois}
rCorr    +         Harm     .   y - +1 pair of gloves
MR       +....                  I - +1 pair of boots of Resilience {rCorr Int+5}
Stlth    ++........             E - amulet of regeneration
HPRegen  1.11/turn              (ring unavailable)
MPRegen  0.18/turn              m - ring "Pauz" {MR+ AC+3}

@: exhausted, no potions, no scrolls, slow
A: +LOS, swims, screaming 1, slowness 1, inability to drink while threatened,
inability to read while threatened, missing a hand, magic vulnerability 1,
strong legs 2
a: Hop, Draw Out Power, Power Leap, Apocalypse, Renounce Religion


You were on level 3 of the Abyss.
You worshipped Ru.
Ru was exalted by your worship.
You were not hungry.

You visited 3 branches of the dungeon, and saw 22 of its levels.
You visited the Abyss 1 time.
You also visited: Ossuary, Gauntlet, Ice Cave and Volcano.

You collected 2944 gold pieces.
You spent 225 gold pieces at shops.

Inventory:

Hand Weapons
 a - a +7 demon blade of flaming (weapon)
 b - a +0 hunting sling
 h - a +3 whip of electrocution
Missiles
 f - 142 sling bullets
 j - 737 stones
 o - 52 poisoned darts (quivered)
 H - 5 curare-tipped darts
 Q - a throwing net
Armour
 k - +5 steam dragon scales (worn)
 w - a scarf of resistance
 y - a +1 pair of gloves (worn)
 z - the +1 cloak of Okawaru's Displeasure {rN+ MR+}
   (You found it on level 6 of the Dungeon)

   It protects you from negative energy.
   It affects your resistance to hostile enchantments.
 G - the +2 ring mail of Hangman {rPois Str+3 Int-3, unknown}
   (You found it on level 3 of the Abyss)

   It affects your strength (+3).
   It affects your intelligence (-3).
   It protects you from poison.
 I - the +1 pair of boots of Resilience (worn) {rCorr Int+5}
   (You found it in an ice cave)

   It affects your intelligence (+5).
   It provides partial protection from all sources of acid and corrosion.
 N - a +1 cloak of poison resistance (worn)
 P - the +2 hat of Starshine (worn) {rElec rN+ Regen+ Str+4}
   (You found it on level 13 of the Dungeon)

   It affects your strength (+4).
   It insulates you from electricity.
   It protects you from negative energy.
   It increases your rate of regeneration.
Jewellery
 m - the ring "Pauz" (right hand) {MR+ AC+3}
   (You found it in an ice cave)

   [ring of protection]

   It affects your AC (+3).
   It affects your resistance to hostile enchantments.
 q - an uncursed ring of flight {unknown}
 E - an amulet of regeneration (around neck)
 M - an uncursed ring of ice
 O - the ring of Yendor {Fire *Slow rPois MP+9 Int+4}
   (You found it in a Gauntlet)

   [ring of fire]

   It enhances your fire magic.
   It affects your intelligence (+4).
   It protects you from fire.
   It makes you vulnerable to cold.
   It protects you from poison.
   It affects your magic capacity (+9).
   It may slow you when you take damage.
 S - an uncursed ring of resist corrosion
Wands
 x - a wand of acid (2)
 J - a wand of polymorph (17)
 R - a wand of enslavement (7)
 T - a wand of clouds (10)
 V - a wand of iceblast (19)
 Z - a wand of paralysis (9)
Scrolls
 d - 5 scrolls of fear
 e - 11 scrolls of remove curse
 g - 10 scrolls of teleportation
 p - 2 scrolls of magic mapping
 u - a scroll of fog
 B - 2 scrolls of silence
 X - 2 scrolls of blinking
Potions
 i - 3 potions of flight
 l - a potion of ambrosia
 n - 2 potions of brilliance
 r - 3 potions of might
 s - 2 potions of berserk rage
 t - 2 potions of stabbing
 v - 9 potions of curing
 A - 3 potions of heal wounds
 C - a potion of magic
 D - 2 potions of haste
 F - a potion of invisibility
 K - a potion of lignification
 W - 2 potions of resistance
Miscellaneous
 L - a lightning rod (4/4)
 U - a phantom mirror
Comestibles
 c - 28 rations


   Skills:
 * Level 12.7 Fighting
 * Level 7.8 Long Blades
 - Level 12.0 Maces & Flails
 - Level 11.3 Slings
 + Level 11.2 Dodging
 - Level 1.7 Stealth
 - Level 5.0 Spellcasting
 - Level 10.0 Summonings
 + Level 9.4 Translocations
 - Level 12.0 Ice Magic
 - Level 5.0 Air Magic
 - Level 10.0 Evocations


You had 5 spell levels left.
You knew the following spells:

 Your Spells              Type           Power        Failure   Level  Hunger
a - Freeze                Ice            ####         1%          1    None
b - Frozen Ramparts       Ice            ######       1%          3    ##.....
c - Ozocubu's Armour      Chrm/Ice       ####....     2%          3    ##.....
d - Summon Ice Beast      Ice/Summ       ######..     1%          4    ####...
e - Blink                 Tloc           N/A          1%          2    None
f - Summon Lightning Spi  Summ/Air       #####...     4%          4    ####...
g - Gell's Gravitas       Tloc           ######....   1%          3    ##.....

Your spell library contained the following spells:

 Spells                   Type           Power        Failure   Level  Hunger
 Apportation              Tloc           ######       1%          1    None
 Summon Small Mammal      Summ           ####         1%          1    None
 Call Imp                 Summ           ######..     1%          2    None
 Call Canine Familiar     Summ           ######..     1%          3    ##.....
 Portal Projectile        Hex/Tloc       ####..       3%          3    ##.....
 Summon Guardian Golem    Hex/Summ       ####....     3%          3    ##.....
 Hailstorm                Conj/Ice       ####....     8%          4    ####...
 Animate Skeleton         Necr           N/A          9%          1    None
 Corona                   Hex            #......      9%          1    None
 Magic Dart               Conj           #...         9%          1    None
 Searing Ray              Conj           #.....       13%         2    None
 Slow                     Hex            #.......     13%         2    None
 Sublimation of Blood     Necr           #.........   13%         2    None
 Mephitic Cloud           Conj/Pois/Air  ##......     13%         3    ##.....
 Iskenderun's Mystic Bla  Conj/Tloc      ####....     13%         4    ####...
 Conjure Flame            Conj/Fire      #.......     26%         3    ##.....
 Dazzling Flash           Conj/Hex       #.....       26%         3    ##.....
 Ignite Poison            Fire/Tmut/Pois #.......     26%         3    ##.....
 Fulminant Prism          Conj/Hex       #.........   65%         4    ####...
 Petrify                  Tmut/Erth      #.......     65%         4    ####...
 Alistair's Intoxication  Tmut/Pois      #.......     94%         5    #####..
 Irradiate                Conj/Tmut      #.........   94%         5    #####..
 Dispersal                Tloc           ######....   28%         6    #######
 Eringya's Noxious Bog    Tmut/Pois      #.........   100%        6    #######
 Hydra Form               Tmut           #.........   100%        6    #######
 Statue Form              Tmut/Erth      #........    100%        6    #######
 Dragon Form              Tmut           #.........   100%        7    #######
 Controlled Blink         Tloc           N/A          100%        8    #######
 Disjunction              Tloc           ######....   100%        8    #######


Dungeon Overview and Level Annotations

Branches:
Dungeon (15/15)            Temple (0/1) D:6            Lair (6/6) D:10
 Shoals (0/4) Lair:4        Snake (0/4) Lair:2        Slime (0/5) Lair:6
    Orc (2/2) D:10            Elf (0/3) Orc:2        Vaults (0/5) D:13
 Depths (0/5) D:15        Ossuary (visited)           IceCv (visited)
Volcano (visited)         Gauntlet (visited)

Altars:
Cheibriados
Elyvilon
Gozag
Hepliaklqana
Kikubaaqudgha
Okawaru
Ru
Sif Muna
Uskayaw
Xom
The Shining One
Beogh
Jiyva

Shops:
D:5 [   D:15 =   Orc:2 %*[[

Annotations:
D:3 2 transporters, pantherbaby's ghost, weakling DsFi
D:11 3 runed translucent doors, will825x's ghost, journeyman DrCj
D:15 1 runed translucent door
Lair:1 3 runed translucent doors, Xuokyil's ghost, journeyman GnBe


Innate Abilities, Weirdness & Mutations

You can be seen from farther away. (+LOS)
You can swim through water.
You occasionally shout uncontrollably at your foes.
You cover ground slowly.
You cannot drink potions while threatened.
You cannot read scrolls while threatened.
You are missing a hand.
You are slightly vulnerable to magic. (MR-)
You can hop long distances.


Message History

The yellow draconian is almost dead.
You hit the yellow draconian but do no damage.
The yellow draconian is almost dead.
The yellow draconian throws acid at you.
The glob of acid hits you but does no damage.
You are splashed with acid.
You resist.
* * * LOW HITPOINT WARNING * * *
You barely miss the yellow draconian.
The yellow draconian is almost dead.
The yellow draconian barely misses you.
The yellow draconian hits your lightning spire with a +0 battleaxe!
Casting: Summon Lightning Spire (safe; 4% risk of failure)
Confirm with . or Enter, or press ? or * to list all spells.
Aiming: Freeze (safe; 1% risk of failure)
Press: ? - help, Shift-Dir - straight line, f - yellow draconian
Aim: a yellow draconian, wielding a +0 battleaxe (almost dead, catching its breath)
You freeze the yellow draconian.
The yellow draconian is almost dead.
The yellow draconian hits you with a +0 battleaxe!
You die...

.. # .. .#..d§..≈
.. .⌠ . .. #.§. ≈.
. . . . # # . . ..
# .. . . .#...#.. .
# . # .. .# #...#..
.. # ##.#. .###.#.
..# # .#.##.####
.#.#... # .
........##........#
. ......8d@...#...
.# . .
....#.....##..#....
. . ## #........##
...## . .
###..##.#..#.# ...
. ####.##...# ....#
. #.#.#..# . .....
.####. ##. ..### ..
..# #.. z# ... ..
.... .


You could see a yellow draconian and a friendly lightning spire.

Vanquished Creatures
  2 tentacled starspawn (Abyss:3)
  A stone giant (Orc:2)
  A minotaur (Gauntlet)
  An ettin (D:15)
  A green death (Gauntlet)
  3 ogre magi
  Harold (D:11)
  Fannar (D:10)
  A rakshasa (Abyss:3)
  5 hydras
  A vault guard (D:13)
  2 centaur warriors (D:15)
  A tengu warrior (D:15)
  10 two-headed ogres
  2 catoblepae
  3 death yaks (D:10)
  2 unseen horrors
  2 deep trolls
  2 wizards
  A lindwurm (Lair:5)
  A deep elf mage (D:15)
  An orc sorcerer (Orc:1)
  2 wolf spiders
  14 ugly things
  5 cyclopes
  An orc knight (D:11)
  A manticore (D:15)
  Joseph (D:7)
  18 elephants
  A gargoyle (D:13)
  5 black mambas
  2 ice statues (IceCv)
  3 molten gargoyles (Volcano)
  2 orange demons (Gauntlet)
  5 komodo dragons
  6 centaur skeletons
  16 spiny frogs
  5 yaktaurs (D:15)
  2 efreet (Volcano)
  A kobold demonologist (D:15)
  3 rime drakes
  An ancient zyme (Abyss:3)
  A tengu conjurer (D:15)
  A polar bear (Lair:5)
  Prince Ribbit (D:9)
  4 tyrant leeches
  9 trolls
  Grinder (D:3)
  4 dream sheep (Lair:5)
  7 hippogriffs
  4 slime creatures (D:15)
  A hippogriff (shapeshifter) (D:15)
  25 blink frogs
  4 flying skulls (Abyss:3)
  2 shadows (D:13)
  4 wyverns
  A ynoxinul (Abyss:3)
  Sigmund (D:3)
  4 vampires
  2 wraiths
  5 fire elementals (Volcano)
  2 large abominations (Abyss:3)
  4 hogs (D:7)
  A human (D:7)
  28 yaks
  13 wargs
  15 vampire mosquitoes
  4 nagas (Lair:2)
  5 soldier ants (Gauntlet)
  An acid dragon (D:15)
  7 water moccasins
  6 porcupines
  4 black bears
  24 orc warriors
  2 sky beasts
  3 phantoms
  10 ice beasts
  An eye of draining (D:14)
  23 ogres
  12 centaurs
  19 wolves
  6 crocodiles
  2 big kobolds
  30 bullfrogs
  A wyvern skeleton (D:10)
  2 scorpions
  A hornet simulacrum (Gauntlet)
  6 wights (D:10)
  2 electric eels
  3 howler monkeys
  5 crimson imps
  4 centaur zombies
  A quasit (D:13)
  A human zombie (Ossuary)
  4 jellies
  2 bullfrog skeletons (D:13)
  18 orc priests
  11 hounds
  6 iguanas
  21 orc wizards
  13 worker ants
  A killer bee zombie (D:6)
  A big kobold zombie (Ossuary)
  2 hound skeletons
  2 mummies (Ossuary)
  2 worker ant zombies
  6 gnolls
  A howler monkey skeleton (D:5)
  11 adders
  10 white imps (D:15)
  2 oozes (D:1)
  4 adder zombies
  An adder skeleton (D:2)
  3 leopard geckos
  72 orcs
  2 ball pythons
  5 bats (D:2)
  A bat zombie (D:2)
  5 giant cockroaches
  10 goblins
  3 hobgoblins
  2 jackals (D:5)
  6 quokkas
  6 frilled lizards
  A giant cockroach zombie (D:2)
  2 goblin zombies (Ossuary)
  10 hobgoblin zombies (Ossuary)
  2 jackal skeletons (D:2)
  10 kobolds
  7 kobold zombies (Ossuary)
  A leopard gecko skeleton (D:2)
  A leopard gecko zombie (D:2)
  10 orc zombies (Ossuary)
  A quokka skeleton (D:4)
  12 rats
  2 rat zombies (Ossuary)
  A fire vortex (Volcano)
761 creatures vanquished.

Vanquished Creatures (collateral kills)
  Gastronok (Lair:2)
  A fire dragon (D:15)
  A deep troll (Orc:1)
  An orc sorcerer (Orc:1)
  A manticore (D:15)
  2 elephants
  An efreet (D:15)
  A rime drake (Lair:6)
  A yaktaur (D:15)
  2 trolls
  A blink frog (Lair:6)
  3 dream sheep (Lair:5)
  3 yaks
  2 ice beasts
  An ogre (Orc:1)
  A centaur (Lair:4)
  A bullfrog (Lair:6)
  2 white imps (D:15)
26 creatures vanquished.

Vanquished Creatures (others)
  Nessos (D:15)
  The ghost of Xairiph the Basher, a journeyman DDFi of the Shining One (D:13)
  A hydra (Lair:6)
  3 two-headed ogres
  A spatial maelstrom (Abyss:3)
  An orc sorcerer (D:15)
  A molten gargoyle (Volcano)
  3 spiny frogs
  A black mamba (Lair:2)
  2 komodo dragons
  A hippogriff (Lair:6)
  2 yaks (Lair:2)
  A centaur (D:15)
  An earth elemental (Volcano)
  A scorpion (D:9)
  A howler monkey (D:9)
  An orc priest (D:10)
  4 orcs
  2 bushes (Lair:6)
  14 demonic plants (Gauntlet)
  A fire vortex (Volcano)
  31 fungi
  50 plants
  4 starspawn tentacles (Abyss:3)
129 creatures vanquished.

Grand Total: 916 creatures vanquished

Notes
Turn   | Place    | Note
-------+----------+-------------------------------------------
     0 | D:1      | MrRokkomies the Barachi Ice Elementalist began the quest
                  | for the Orb.
     0 | D:1      | Reached XP level 1. HP: 13/13 MP: 3/3
    92 | D:1      | Reached skill level 5 in Ice Magic
   297 | D:1      | Reached XP level 2. HP: 19/20 MP: 5/5
   512 | D:1      | Reached skill level 1 in Fighting
   778 | D:2      | Reached XP level 3. HP: 26/26 MP: 6/6
   788 | D:2      | Learned a level 3 spell: Frozen Ramparts
  1198 | D:2      | Reached XP level 4. HP: 24/32 MP: 3/7
  1534 | D:2      | Reached XP level 5. HP: 14/38 MP: 4/8
  2197 | D:2      | Found a shimmering altar of Xom.
  2197 | D:2      | Found a hide-covered altar of Uskayaw.
  2198 | D:2      | Found an iron altar of Okawaru.
  2198 | D:2      | Found a white marble altar of Elyvilon.
  2212 | D:2      | Found a sacrificial altar of Ru.
  2213 | D:2      | Found a hazy altar of Hepliaklqana.
  2299 | D:2      | Became a worshipper of Ru the Awakened
  2347 | D:3      | Noticed pantherbaby's ghost (weakling DsFi)
  2349 | D:3      | Found a transporter.
  2359 | D:3      | Noticed Sigmund
  2372 | D:3      | Killed Sigmund
  2372 | D:3      | Reached skill level 5 in Dodging
  2372 | D:3      | Reached XP level 6. HP: 41/47 MP: 5/9
  2469 | D:3      | You fall into a shaft and drop 2 floors!
  2469 | D:5      | Entered Level 5 of the Dungeon
  2471 | D:5      | Noticed a phantom
  2512 | D:3      | Noticed Grinder
  2544 | D:3      | Killed Grinder
  2544 | D:3      | Reached XP level 7. HP: 38/53 MP: 4/10
  2644 | D:3      | Found a transporter.
  2988 | D:4      | Found an opulent altar of Gozag.
  3552 | D:5      | Reached XP level 8. HP: 61/61 MP: 2/11
  3722 | D:5      | Gained mutation: You cannot drink potions while threatened.
                  | [Ru sacrifice]
  3722 | D:5      | Reached * piety under Ru
  3814 | D:5      | Found a shimmering blue altar of Sif Muna.
  3900 | D:5      | Reached skill level 5 in Fighting
  4056 | D:5      | Found a snail-covered altar of Cheibriados.
  4188 | D:5      | Found Poiqeuvu's Antique Armour Shop.
  4199 | D:5      | Bought a glowing scarf for 144 gold pieces
  4199 | D:5      | Bought a pair of gloves for 81 gold pieces
  4286 | D:6      | Reached XP level 9. HP: 27/69 MP: 10/12
  4502 | D:6      | Reached skill level 10 in Ice Magic
  4531 | D:6      | Got a slimy cloak
  4542 | D:6      | Identified the +1 cloak of Okawaru's Displeasure {rN+ MR+}
                  | (You found it on level 6 of the Dungeon)
  4602 | D:6      | Found a glowing golden altar of the Shining One.
  4754 | D:6      | Found a staircase to the Ecumenical Temple.
  4908 | D:6      | Found a shimmering blue altar of Sif Muna.
  5502 | D:7      | Noticed Joseph
  5517 | D:7      | Killed Joseph
  5517 | D:7      | Reached XP level 10. HP: 70/79 MP: 10/13
  5545 | D:7      | Reached skill level 10 in Dodging
  5593 | D:7      | Gained mutation: You are missing a hand. [Ru sacrifice]
  5593 | D:7      | Reached ** piety under Ru
  5593 | D:7      | Reached *** piety under Ru
  5593 | D:7      | Reached **** piety under Ru
  6108 | D:8      | Found an ancient bone altar of Kikubaaqudgha.
  6241 | D:8      | Found a sand-covered staircase.
  6249 | Ossuary  | Entered an ossuary
  7269 | D:8      | Gained mutation: You cannot read scrolls while threatened.
                  | [Ru sacrifice]
  7269 | D:8      | Reached ***** piety under Ru
  7533 | D:9      | Noticed Prince Ribbit
  7604 | D:9      | Killed Prince Ribbit
  7604 | D:9      | Reached skill level 10 in Fighting
  7604 | D:9      | Reached skill level 1 in Evocations
  7615 | D:9      | Reached skill level 1 in Slings
  7801 | D:9      | Learned a level 3 spell: Ozocubu's Armour
  7806 | D:9      | Learned a level 4 spell: Summon Ice Beast
  7809 | D:9      | Learned a level 2 spell: Blink
  8104 | D:10     | Entered Level 10 of the Dungeon
  8114 | D:10     | Noticed Fannar
  8314 | D:10     | Killed Fannar
  8314 | D:10     | Reached skill level 1 in Maces & Flails
  8314 | D:10     | Reached XP level 11. HP: 59/90 MP: 13/15
  8465 | D:10     | Found a staircase to the Orcish Mines.
  8497 | D:10     | Noticed a death yak
  8497 | D:10     | Noticed a death yak
  8499 | D:10     | Found a staircase to the Lair.
  8499 | D:10     | Noticed a death yak
  8507 | D:10     | Killed a death yak
  8513 | D:10     | Killed a death yak
  8516 | D:10     | Killed a death yak
  8516 | D:10     | Reached skill level 5 in Evocations
  8579 | D:10     | Reached skill level 5 in Slings
  9326 | Lair:1   | Entered Level 1 of the Lair of Beasts
  9408 | Lair:1   | Found a runed translucent gate.
  9408 | Lair:1   | Found a runed translucent gate.
  9408 | Lair:1   | Found a runed translucent gate.
  9560 | Lair:1   | Noticed Xuokyil's ghost (journeyman GnBe)
  9561 | Lair:1   | Noticed a minotaur
  9563 | Lair:1   | Identified the +7 glaive of Integrity {drain, rElec}
 10159 | Lair:2   | Reached skill level 1 in Summonings
 10167 | Lair:2   | Reached XP level 12. HP: 36/97 MP: 3/19
 10170 | Lair:2   | Reached skill level 5 in Maces & Flails
 10260 | Lair:2   | Reached skill level 5 in Spellcasting
 10282 | Lair:2   | Found a gate leading to a gauntlet.
 10307 | Gauntlet | Entered a Gauntlet
 10307 | Gauntlet | Found a transporter.
 10513 | Gauntlet | Noticed a tengu warrior
 10514 | Gauntlet | Found a transporter.
 10529 | Gauntlet | Found a transporter.
 10534 | Gauntlet | Found a transporter.
 10549 | Gauntlet | Found a transporter.
 10568 | Gauntlet | Found a transporter.
 10580 | Gauntlet | Found a transporter.
 10592 | Gauntlet | Found a transporter.
 10592 | Gauntlet | Noticed a green death
 10604 | Gauntlet | Found a transporter.
 10607 | Gauntlet | Noticed a hell hog
 10616 | Gauntlet | Found a transporter.
 10634 | Gauntlet | Found a transporter.
 10650 | Gauntlet | Found a transporter.
 10652 | Gauntlet | Found a transporter.
 10653 | Gauntlet | Noticed a queen ant
 10679 | Gauntlet | Found a transporter.
 10681 | Gauntlet | Found a transporter.
 10699 | Gauntlet | Found a transporter.
 10720 | Gauntlet | Found a transporter.
 10720 | Gauntlet | Found a transporter.
 10851 | Gauntlet | Killed a green death
 10867 | Gauntlet | Got a flickering lapis lazuli ring
 10875 | Gauntlet | Identified the ring of Yendor {Fire *Slow rPois MP+9 Int+4}
                  | (You found it in a Gauntlet)
 11070 | Gauntlet | Identified the +7 longbow "Ogowoak" {freeze, rN+ Str+3}
 11070 | Gauntlet | Noticed a minotaur
 11076 | Gauntlet | Killed a minotaur
 11076 | Gauntlet | Reached skill level 5 in Summonings
 11535 | Lair:2   | Learned a level 4 spell: Summon Lightning Spire
 11754 | Lair:2   | Reached skill level 1 in Air Magic
 11800 | Lair:2   | Found a staircase to the Snake Pit.
 11943 | Lair:2   | Noticed Gastronok
 11967 | Lair:2   | Killed Gastronok
 12653 | Lair:3   | Noticed Urug
 12671 | Lair:3   | Noticed Urug
 12671 | Lair:3   | Urug changed into Urug the wolf spider
 12674 | Lair:3   | Killed Urug the wolf spider
 12699 | Lair:3   | Noticed a four-headed hydra
 12715 | Lair:3   | Killed a four-headed hydra
 12715 | Lair:3   | Gained mutation: You can hop long distances. [Barachi
                  | growth]
 12715 | Lair:3   | Reached XP level 13. HP: 59/103 MP: 16/20
 13194 | Lair:4   | Reached skill level 5 in Air Magic
 13382 | Lair:4   | Found a dark tunnel.
 13392 | Volcano  | Entered a volcano
 13811 | Lair:4   | Found a staircase to the Shoals.
 14729 | Lair:5   | Reached skill level 10 in Maces & Flails
 15242 | Lair:6   | Entered Level 6 of the Lair of Beasts
 15755 | Lair:6   | Reached XP level 14. HP: 105/110 MP: 21/21
 15758 | Lair:6   | Reached skill level 10 in Evocations
 15825 | Lair:6   | Reached skill level 1 in Translocations
 16853 | Lair:6   | Found a viscous altar of Jiyva.
 16854 | Lair:6   | Found a staircase to the Slime Pits.
 16870 | Lair:6   | Gained mutation: You occasionally shout uncontrollably at
                  | your foes. [Ru sacrifice]
 17335 | Lair:6   | Learned a level 3 spell: Gell's Gravitas
 17877 | Orc:1    | Entered Level 1 of the Orcish Mines
 17957 | Orc:1    | Found a roughly hewn altar of Beogh.
 18075 | Orc:2    | Entered Level 2 of the Orcish Mines
 18083 | Orc:2    | Noticed a stone giant
 18284 | Orc:2    | Reached skill level 10 in Slings
 18285 | Orc:2    | Killed a stone giant
 18287 | Orc:2    | Reached skill level 5 in Translocations
 18303 | Orc:1    | Reached skill level 10 in Summonings
 18572 | Orc:1    | Reached XP level 15. HP: 73/115 MP: 19/22
 18923 | Orc:2    | Found a staircase to the Elven Halls.
 19048 | Orc:2    | Gained mutation: You are slightly vulnerable to magic.
                  | (MR-) [Ru sacrifice]
 19048 | Orc:2    | Reached ****** piety under Ru
 19147 | Orc:2    | Found Enwag's Food Shoppe.
 19156 | Orc:2    | Found Jyudwil's Antique Armour Emporium.
 19157 | Orc:2    | Found Cedas's Antique Armour Boutique.
 19284 | Orc:2    | Found Yvoec's General Store.
 20029 | Orc:1    | Paralysed by an orc sorcerer for 6 turns
 20784 | D:11     | Noticed Harold
 20805 | D:11     | Killed Harold
 20905 | D:11     | Noticed a tengu reaver
 20905 | D:11     | Noticed will825x's ghost (journeyman DrCj)
 20919 | D:11     | Found a runed translucent gate.
 20919 | D:11     | Found a runed translucent gate.
 20919 | D:11     | Found a runed translucent gate.
 21152 | D:11     | You fall into a shaft and drop 2 floors!
 21304 | D:13     | Reached skill level 1 in Long Blades
 21706 | D:13     | Found a gate to the Vaults.
 21871 | D:13     | Found a runed translucent gate.
 21871 | D:13     | Found a runed translucent gate.
 21873 | D:13     | Noticed Xairiph's ghost (journeyman DDFi)
 21874 | D:13     | Found a runed translucent gate.
 21874 | D:13     | Found a roughly hewn altar of Beogh.
 22019 | D:13     | Killed Xairiph's ghost
 22104 | D:13     | Got a faintly humming hat
 22125 | D:13     | Identified the +2 hat of Starshine {rElec rN+ Regen+ Str+4}
                  | (You found it on level 13 of the Dungeon)
 22196 | D:14     | Paralysed by a wizard for 3 turns
 22572 | D:14     | Found a glowing golden altar of the Shining One.
 22919 | D:15     | Entered Level 15 of the Dungeon
 22919 | D:15     | Found a runed translucent door.
 22919 | D:15     | Noticed a sphinx
 22919 | D:15     | Noticed a tengu reaver
 22948 | D:15     | Found Bylups's Jewellery Shop.
 22968 | D:15     | Paralysed by an orc sorcerer for 3 turns
 22978 | D:15     | Paralysed by an orc sorcerer for 4 turns
 23034 | D:15     | Found a frozen archway.
 23078 | IceCv    | Entered an ice cave
 23078 | IceCv    | Found a transporter.
 23191 | IceCv    | Got a pair of transparent boots
 23197 | IceCv    | Identified the +1 pair of boots of Resilience {rCorr Int+5}
                  | (You found it in an ice cave)
 23207 | IceCv    | Found a transporter.
 23212 | IceCv    | Reached skill level 5 in Long Blades
 23254 | IceCv    | Identified the ring "Pauz" {MR+ AC+3} (You found it in an
                  | ice cave)
 23276 | D:15     | Upgraded the game from 0.25-a0-589-g1e14c549ee to
                  | 0.25-a0-591-g2ad0d861f1
 23503 | D:15     | Noticed Nessos
 23541 | D:15     | Reached XP level 16. HP: 65/127 MP: 3/23
 23547 | D:15     | Killed Nessos
 23886 | D:15     | Found a staircase to the Depths.
 24306 | D:15     | Cast into level 3 of the Abyss (a wizard)
 24402 | Abyss:3  | Noticed a bone dragon
 24434 | Abyss:3  | Noticed a tentacled starspawn
 24439 | Abyss:3  | Got an ichor-stained ring mail
 24450 | Abyss:3  | Noticed a tentacled starspawn
 24461 | Abyss:3  | Killed a tentacled starspawn
 24513 | Abyss:3  | Noticed a tentacled starspawn
 24532 | Abyss:3  | Killed a tentacled starspawn
 24546 | Abyss:3  | Slain by a yellow draconian

Levels and vault maps discovered:
D:1:      wander_arrival_desolate, layout_rooms
D:2:      layout_basic, minmay_overflow_temple_hex, serial_undead,
          serial_undead_b, serial_undead_d, serial_undead_d, serial_undead_a,
          serial_undead_b, serial_undead_e, minmay_indecisive_spiral
D:3:      layout_rooms, gammafunk_ghost_arena, uniq_sigmund, uniq_grinder
D:4:      layout_loops_ring, kennysheep_mini_moat, first_ration
D:5:      wad_pebble_path, layout_rooms, cheibriados_altar_1,
          lemuel_round_altar, serial_shops, kennysheep_little_box
D:6:      layout_basic, nicolae_overflow_crystal_walls,
          minmay_temple_entry_proselytizer, led_sif_pool
D:7:      layout_cave_pools, grunt_livestock, uniq_joseph
D:8:      layout_loops_corners, kiku_gazebo_pond_becter,
          chequers_ossuary_entry_cave, serial_bayou_ford_a
D:9:      layout_roguey, uniq_prince_ribbit1
D:10:     layout_loops_cross, dpeg_lair_monsters, david_orc_3, uniq_fannar
D:11:     layout_loops_ring, gammafunk_ghost_split, uniq_harold
D:13:     layout_rooms, david_vaults_5, biasface_ghost_orc_armoury
D:14:     layout_big_octagon, tso_metal_star
D:15:     hangedman_depths_entry_civil_slaughter, layout_irregular_city,
          serial_shops, nicolae_shop_crystal, hangedman_decor_peaks_small,
          portal_ice_cave_entry_imps, drop_trap, minmay_st_funbox,
          onia_ninara_cookie, uniq_nessos
Lair:1:   layout_gridlike, maelrawn_ghost_gauntlet_escape
Lair:2:   layout_regular_city, minmay_snake_entry_guardpost_small,
          gauntlet_entry_generic, grunt_megastairs_2, uniq_gastronok
Lair:3:   layout_chaotic_city, uniq_urug
Lair:4:   layout_hall_layers, minmay_shoals_entry_centaurs,
          lightli_volcano_entry_magma_tube
Lair:5:   layout_cave_shapes, grunt_megastairs_1
Lair:6:   minmay_lair_end_frog_pond, layout_regular_city, slime_altar_1,
          guppyfry_lair_drakes
Orc:1:    layout_caves, basic_altar
Orc:2:    st_orc_open, layout_caves, mines5_lemuel
Abyss:3:  base: D:1, hangedman_grunt_abyss_rune_horror_hoard,
          evilmike_abyss_exit_14, evilmike_abyss_exit_17,
          grunt_abyss_rune_forest_and_sorcery, evilmike_abyss_exit_3,
          hangedman_shadowy_showcase, evilmike_abyss_rune_elephants_shrine

Skill      XL: |  1  2  3  4  5  6  7  8  9 10 11 12 13 14 15 16 |
---------------+-------------------------------------------------+-----
Ice Magic      | 5 6 7 8 9 11 12 | 12.0
Fighting       | 1 2 3 4 5 7 10 11 12 | 12.7
Dodging        | 3 5 6 7 9 10 11 | 11.2
Evocations     | 3 6 8 9 10 | 10.0
Slings         | 2 5 7 9 10 11 | 11.3
Maces & Flails | 1 4 8 11 12 | 12.0
Spellcasting   | 4 5 |  5.0
Summonings     | 2 5 10 | 10.0
Air Magic      | 4 5 |  5.0
Translocations | 5 8 9 |  9.4
Long Blades    | 5 7 |  7.8
Stealth        | |  1.7

Action                   |  1- 3 |  4- 6 |  7- 9 | 10-12 | 13-15 | 16-18 || total
-------------------------+-------+-------+-------+-------+-------+-------++-------
Melee: Unarmed           |     6 |       |       |       |       |       ||     6
       Dagger            |    55 |    51 |    34 |       |       |       ||   140
       Flail             |       |    41 |    40 |       |       |       ||    81
       Whip              |       |       |   195 |   575 |  1105 |       ||  1875
       Rapier            |       |       |       |    48 |       |       ||    48
       Demon blade       |       |       |       |       |   307 |   177 ||   484
 Fire: Hunting sling     |       |       |    12 |     5 |   177 |    15 ||   209
Throw: Stone             |       |       |     1 |       |       |       ||     1
       Dart              |       |       |     1 |     6 |     2 |       ||     9
 Cast: Freeze            |     5 |     6 |     8 |    22 |    88 |     3 ||   132
       Frozen Ramparts   |     3 |     7 |    20 |    29 |    59 |    11 ||   129
       Summon Ice Beast  |       |       |       |     9 |    21 |       ||    30
       Ozocubu's Armour  |       |       |       |     5 |    21 |     4 ||    30
       Summon Lightning  |       |       |       |     1 |     6 |     5 ||    12
       Blink             |       |       |       |       |     4 |       ||     4
       Gell's Gravitas   |       |       |       |       |     8 |       ||     8
Invok: Sacrifice Drink   |       |       |     1 |       |       |       ||     1
       Sacrifice Words   |       |       |       |     1 |       |       ||     1
       Sacrifice a Hand  |       |       |       |     1 |       |       ||     1
       Reject Sacrifices |       |       |       |     1 |       |       ||     1
       Draw Out Power    |       |       |       |       |     5 |       ||     5
       Apocalypse        |       |       |       |       |     1 |       ||     1
       Sacrifice Purity  |       |       |       |       |     1 |       ||     1
       Power Leap        |       |       |       |       |     1 |     1 ||     2
       Sacrifice Essence |       |       |       |       |     1 |       ||     1
 Abil: Hop               |       |       |       |     1 |     3 |       ||     4
Evoke: Wand              |       |       |       |    21 |    21 |     3 ||    45
       Lightning rod     |       |       |       |       |     4 |       ||     4
  Use: Scroll            |     6 |     7 |     6 |    17 |    20 |     2 ||    58
       Potion            |       |     1 |       |     2 |     3 |       ||     6
 Stab: Sleeping          |       |     2 |     8 |     5 |       |       ||    15
       Distracted        |       |       |       |     3 |     8 |     1 ||    12
       Invisible         |       |       |       |     2 |    11 |       ||    13
       Paralysed         |       |       |       |       |    33 |     5 ||    38
  Eat: Chunk             |       |     3 |    10 |    27 |    32 |     2 ||    74
       Ration            |       |     1 |     1 |     1 |     5 |     1 ||     9
Armor: Steam dragon scal |    28 |    39 |   105 |   167 |   431 |    72 ||   842
Dodge: Dodged            |    54 |   103 |   269 |   539 |  1171 |   131 ||  2267
       Rpst.: Demon blade |       |       |       |       |    87 |    23 ||   110

Table legend:
 A = Non-vault XP
 B = Vault XP
 C = Vault XP percentage of total XP
 D = Non-vault monster count
 E = Vault monster count
 F = Vault count percentage of total count
                 A         B        C        D         E       F
            +---------+---------+-------+---------+---------+-------
      Total |   89433 |   62112 |  41.0 |     536 |     270 |  33.5
            +---------+---------+-------+---------+---------+-------
        D:1 |      43 |       0 |   0.0 |      14 |       0 |   0.0
        D:2 |     203 |      41 |  16.8 |      26 |      12 |  31.6
        D:3 |      22 |     489 |  95.7 |      11 |       2 |  15.4
        D:4 |     237 |       0 |   0.0 |      19 |       0 |   0.0
        D:5 |    1103 |       0 |   0.0 |      22 |       0 |   0.0
        D:6 |    1770 |      41 |   2.3 |      37 |       1 |   2.6
        D:7 |     913 |    1443 |  61.2 |      21 |       6 |  22.2
        D:8 |     891 |       0 |   0.0 |      23 |       0 |   0.0
        D:9 |     660 |     296 |  31.0 |      18 |       1 |   5.3
       D:10 |    1949 |    4523 |  69.9 |      22 |      14 |  38.9
       D:11 |    3134 |     992 |  24.0 |      18 |       1 |   5.3
       D:13 |    5738 |    2897 |  33.5 |      36 |      17 |  32.1
       D:14 |    7440 |       0 |   0.0 |      25 |       0 |   0.0
       D:15 |   13757 |    8846 |  39.1 |      44 |      33 |  42.9
     Lair:1 |    1838 |       0 |   0.0 |       7 |       0 |   0.0
     Lair:2 |    5162 |    3477 |  40.2 |      22 |      10 |  31.2
     Lair:3 |    3554 |     580 |  14.0 |      14 |       1 |   6.7
     Lair:4 |    3272 |     410 |  11.1 |      13 |       4 |  23.5
     Lair:5 |    9075 |    4953 |  35.3 |      37 |      18 |  32.7
     Lair:6 |   13953 |    7440 |  34.8 |      43 |      32 |  42.7
      Orc:1 |    2977 |    3037 |  50.5 |      25 |       9 |  26.5
      Orc:2 |    4297 |   12800 |  74.9 |      27 |      38 |  58.5
    Abyss:3 |    7445 |       0 |   0.0 |      12 |       0 |   0.0
    Ossuary |       0 |     222 | 100.0 |       0 |      39 | 100.0
      IceCv |       0 |    2537 | 100.0 |       0 |      10 | 100.0
    Volcano |       0 |    3201 | 100.0 |       0 |      12 | 100.0
   Gauntlet |       0 |    3887 | 100.0 |       0 |      10 | 100.0
            +---------+---------+-------+---------+---------+-------
